 Dungeon Crawl Stone Soup version 0.26.1-10-gdfb7c7de75 (webtiles) character file.

Game seed: 16492357880033002085

12215 H0rd4k the Slicer (level 12, -1/100 HPs)
             Began as a Human Artificer on Apr 6, 2021.
             Was an Initiate of Gozag.
             Slain by a komodo dragon (22 damage)
             ... on level 1 of the Lair of Beasts.
             The game lasted 00:27:41 (19014 turns).

H0rd4k the Slicer (Human Artificer)                Turns: 19014, Time: 00:27:42

Health: -1/100     AC: 12    Str: 15    XL:     12   Next: 17%
Magic:  12/12      EV: 16    Int: 18    God:    Gozag
Gold:   300        SH:  0    Dex: 12    Spells: 8/11 levels left

rFire    . . .     SeeInvis .   B - +9 rapier "Lyam" {venom, rPois Int+4 Dex-2}
rCold    . . .     Faith    .   (no shield)
rNeg     . . .     Spirit   .   A - +3 robe of Clouds {+Thunder rCloud rElec}
rPois    +         Reflect  .   s - +2 helmet
rElec    +         Harm     .   (no cloak)
rCorr    .         Rampage  .   (no gloves)
Will     +....                  (no boots)
Stlth    +++.......             (no amulet)
HPRegen  0.26/turn              N - +4 ring of protection
MPRegen  0.13/turn              m - ring of wizardry

@: about to teleport, studying Necromancy
A: strong-willed 1, poison resistance, robust 1, no potion heal 1
a: Renounce Religion, Evoke Thunderclouds, Potion Petition, Call Merchant, Bribe
Branch


You were on level 1 of the Lair of Beasts.
You worshipped Gozag.
Gozag was aware of your devotion.
You visited 2 branches of the dungeon, and saw 11 of its levels.

You collected 2432 gold pieces.
You spent 1582 gold pieces at shops.
You paid 550 gold pieces to Gozag.

Inventory:

Hand Weapons
 a - a +0 club
 j - a +5 dagger
 B - the +9 rapier "Lyam" (weapon) {venom, rPois Int+4 Dex-2}
   (You bought it in a shop on level 4 of the Dungeon)

   It poisons the flesh of those it strikes.
   It affects your intelligence (+4).
   It affects your dexterity (-2).
   It protects you from poison.
 W - a +4 great sword of flaming
 X - the +10 morningstar "Eos" {elec, Halo rElec}
   (You found it on level 5 of the Dungeon)

   Occasionally, upon striking a foe, it can discharge electrical energy and
   cause terrible harm.
   It insulates you from electricity.
Missiles
 k - 67 poisoned darts
Armour
 b - a +1 leather armour
 s - a +2 helmet (worn)
 A - the +3 robe of Clouds (worn) {+Thunder rCloud rElec}
   (You bought it in a shop on level 8 of the Dungeon)

   It insulates you from electricity.
Jewellery
 m - a ring of wizardry (right hand)
 x - an uncursed ring of ice
 y - an uncursed ring of willpower
 N - a +4 ring of protection (left hand)
Wands
 c - a wand of flame (27) (quivered)
 d - a wand of enslavement (18)
 e - a wand of random effects (30)
 n - a wand of iceblast (8)
 z - a wand of polymorph (1)
 I - a wand of paralysis (8)
 K - a wand of disintegration (3)
 M - a wand of acid (11)
Scrolls
 f - a scroll of fear
 g - a scroll of remove curse
 h - 3 scrolls of identify
 l - 4 scrolls of enchant weapon
 r - 2 scrolls of magic mapping
 t - 11 scrolls of teleportation
 u - 4 scrolls of fog
 w - 2 scrolls of amnesia
 H - 2 scrolls of blinking
 J - a scroll of summoning
 Q - a scroll of silence
 T - a scroll of immolation {unknown}
 U - a scroll of random uselessness {unknown}
Potions
 i - 2 potions of mutation
 o - 2 potions of magic
 p - 2 potions of flight
 q - 2 potions of curing
 v - 2 potions of ambrosia
 C - a potion of brilliance {unknown}
 D - a potion of might
 E - a potion of haste
 F - 2 potions of heal wounds
 L - 2 potions of cancellation
 S - 2 potions of lignification {unknown}
 V - a potion of berserk rage {unknown}
Books
 O - a manual of Necromancy
Miscellaneous
 P - a tin of tremorstones (inert)


   Skills:
 + Level 7.5 Fighting
 + Level 11.6 Short Blades
 + Level 6.0 Armour
 + Level 7.6 Dodging
 + Level 7.5 Stealth
 + Level 5.2 Evocations


You had 8 spell levels left.
You knew the following spells:

 Your Spells              Type           Power        Failure   Level
a - Ozocubu's Armour      Ice            0%           26%         3

Your spell library contained the following spells:

 Spells                   Type           Power        Failure   Level
 Freeze                   Ice            0%           9%          1
 Confusing Touch          Hex            0%           26%         3
 Frozen Ramparts          Ice            0%           26%         3
 Gell's Gravitas          Tloc           0%           26%         3
 Hailstorm                Conj/Ice       0%           61%         4
 Petrify                  Tmut/Erth      0%           61%         4
 Summon Ice Beast         Ice/Summ       0%           61%         4
 Irradiate                Conj/Tmut      0%           91%         5
 Metabolic Englaciation   Hex/Ice        0%           91%         5
 Yara's Violent Unravell  Hex/Tmut       0%           91%         5
 Hydra Form               Tmut           0%           100%        6
 Statue Form              Tmut/Erth      0%           100%        6
 Dragon Form              Tmut           0%           100%        7


Dungeon Overview and Level Annotations

Branches:
Dungeon (10/15)            Temple (0/1) D:4            Lair (1/6) D:8
    Orc: D:9-12

Altars:
Dithmenos
Fedhas
Gozag
Hepliaklqana
Makhleb
Nemelex Xobeh
Okawaru
Ru
Sif Muna
Trog
Uskayaw
Wu Jian
Xom
The Shining One

Shops:
D:4 (   D:8 [*   D:9 *

Annotations:
D:2 1 runed translucent door, exclusion: door, Crazy Yiuf
D:6 exclusion: downstairs


Innate Abilities, Weirdness & Mutations

You are strong-willed. (Will+)
Your system is resistant to poisons. (rPois)
You are robust. (+10% HP)
Potions are less effective at restoring your health.


Message History

The four-headed hydra bites you but does no damage.
The komodo dragon bites you!!
Aiming: Disintegrate
Press: ? - help, Shift-Dir - straight line, f/p - four-headed hydra
Aim: a four-headed hydra (severely wounded, chance to affect: 51%)
The four-headed hydra resists with significant effort.
The four-headed hydra bites you.
The four-headed hydra barely misses you. x2
The four-headed hydra bites you. The komodo dragon bites you!
You hit the four-headed hydra.
The four-headed hydra is almost dead.
The four-headed hydra barely misses you. x2
The four-headed hydra bites you. The four-headed hydra misses you.
The komodo dragon bites you! The komodo dragon bites you!
* * * LOW HITPOINT WARNING * * *
As you read the scroll of teleportation, it crumbles to dust.
You feel strangely unstable. The komodo dragon bites you!!
You die...
Your body crumbles into a pile of gold.

#P.......##
##.......#
#.......#
#.......#
#.).....##
#........#
#.......##
#.......##
##.....@..#
#.....ll.##
##.....D.#
#........#
##.......#
#.......#
##.......#
#P.......#
##.......#


You could see a four-headed hydra and 2 komodo dragons.

Vanquished Creatures
  3 two-headed ogres
  Urug (D:10)
  An unseen horror (D:10)
  Pikel (D:8)
  A deep elf mage (D:10)
  A cyclops (D:9)
  Maggie (D:7)
  A cane toad (Lair:1)
  A komodo dragon (Lair:1)
  A troll (D:9)
  Grinder (D:3)
  4 yaks (D:10)
  A wyvern (D:9)
  Edmund (D:4)
  Menkaure (D:7)
  3 wargs
  4 orc warriors
  A black bear (D:6)
  4 ice beasts
  2 sky beasts
  A necrophage (D:6)
  3 ogres
  3 centaurs
  4 lemures (D:8)
  2 big kobolds
  6 bullfrogs
  A wyvern zombie (D:8)
  A gnoll sergeant (D:10)
  6 scorpions
  16 killer bees
  7 electric eels (D:7)
  3 howler monkeys
  4 wights (D:8)
  4 hounds
  A jelly (D:8)
  2 bullfrog skeletons
  A centaur skeleton (D:4)
  5 orc priests
  A gnoll shaman (D:8)
  6 iguanas
  Ijyb (D:3)
  Natasha (thrice) (D:2)
  8 orc wizards
  9 worker ants
  A killer bee zombie (D:10)
  2 hound zombies
  A hound skeleton (D:4)
  Robin (D:1)
  14 adders
  20 gnolls
  A howler monkey skeleton (D:8)
  2 shadow imps (D:9)
  3 white imps
  2 oozes
  An adder skeleton (D:6)
  An adder zombie (D:8)
  4 worms
  3 dart slugs
  4 leopard geckos
  28 orcs
  2 ball pythons
  5 bats
  2 giant cockroaches
  15 goblins
  8 hobgoblins
  17 jackals
  3 quokkas
  3 frilled lizards
  9 kobolds
  A leopard gecko skeleton (D:4)
  3 quokka skeletons
  5 rats
293 creatures vanquished.

Vanquished Creatures (collateral kills)
  Duvessa (D:7)
  An orc priest (D:8)
  A hound zombie (D:7)
  An adder (D:8)
  4 orcs
8 creatures vanquished.

Vanquished Creatures (others)
  An orc warrior (D:8)
  Dowan (D:7)
  A hound (D:6)
  A gnoll (D:1)
  An orc (D:7)
  A fungus (Lair:1)
  61 plants
67 creatures vanquished.

Grand Total: 368 creatures vanquished

Notes
Turn   | Place    | Note
-------+----------+-------------------------------------------
     0 | D:1      | H0rd4k the Human Artificer began the quest for the Orb.
     0 | D:1      | Reached XP level 1. HP: 15/15 MP: 1/1
   603 | D:1      | Reached XP level 2. HP: 21/21 MP: 2/2
   940 | D:1      | Reached XP level 3. HP: 23/26 MP: 3/3
  1421 | D:2      | Found a bloodstained altar of Trog.
  1434 | D:2      | Found a sparkling altar of Nemelex Xobeh.
  1859 | D:2      | Found a runed translucent door.
  1860 | D:2      | Noticed Crazy Yiuf
  1998 | D:2      | Reached XP level 4. HP: 32/32 MP: 4/4
  2345 | D:2      | Noticed Robin
  2836 | D:1      | Killed Robin
  2840 | D:1      | Gained mutation: Potions are less effective at restoring
                  | your health. [potion of mutation]
  2840 | D:1      | Gained mutation: You are robust. (+10% HP) [potion of
                  | mutation]
  2840 | D:1      | Gained mutation: You are strong-willed. (Will+) [potion of
                  | mutation]
  2840 | D:1      | Gained mutation: Your system is resistant to poisons.
                  | (rPois) [potion of mutation]
  3172 | D:2      | Noticed Natasha
  3393 | D:1      | Reached skill level 1 in Short Blades
  3434 | D:1      | Reached XP level 5. HP: 2/41 MP: 5/5
  3958 | D:2      | Killed Natasha
  4131 | D:2      | Noticed Natasha
  4277 | D:2      | Found a hide-covered altar of Uskayaw.
  4383 | D:2      | Killed Natasha
  4417 | D:2      | Noticed Natasha
  4429 | D:2      | Killed Natasha
  4430 | D:2      | Reached skill level 2 in Short Blades
  4430 | D:2      | Reached XP level 6. HP: 18/48 MP: 6/6
  4627 | D:2      | Found a hazy altar of Hepliaklqana.
  4631 | D:2      | Found an iron altar of Okawaru.
  4631 | D:2      | Found a shimmering altar of Xom.
  4631 | D:2      | Found an opulent altar of Gozag.
  4646 | D:2      | Found a burning altar of Makhleb.
  4646 | D:2      | Found a glowing golden altar of the Shining One.
  4657 | D:2      | Became a worshipper of Gozag Ym Sagoz the Greedy
  5192 | D:3      | Noticed Grinder
  5213 | D:3      | Killed Grinder
  5214 | D:3      | Reached skill level 3 in Short Blades
  5214 | D:3      | Reached XP level 7. HP: 14/56 MP: 7/7
  5547 | D:3      | Noticed Ijyb
  5568 | D:3      | Killed Ijyb
  5911 | D:3      | Reached skill level 4 in Short Blades
  6606 | D:4      | Found a bloodstained altar of Trog.
  6936 | D:4      | Found an ornate altar of the Wu Jian Council.
  6982 | D:4      | Found a staircase to the Ecumenical Temple.
  6984 | D:4      | Found Zoatsa's Antique Weapon Shop.
  7261 | D:4      | Bought a jewelled rapier for 153 gold pieces
  7304 | D:4      | Noticed Edmund
  7335 | D:4      | Identified the +9 rapier "Lyam" {venom, rPois Int+4 Dex-2}
                  | (You bought it in a shop on level 4 of the Dungeon)
  7338 | D:4      | Killed Edmund
  7339 | D:4      | Reached XP level 8. HP: 28/60 MP: 8/8
  7704 | D:5      | Entered Level 5 of the Dungeon
  7851 | D:5      | Reached skill level 5 in Short Blades
  7888 | D:5      | Found a sacrificial altar of Ru.
  8691 | D:6      | Reached skill level 6 in Short Blades
  8712 | D:6      | Reached XP level 9. HP: 67/71 MP: 9/9
  9531 | D:5      | Reached skill level 7 in Short Blades
  9679 | D:5      | Found the +10 morningstar "Eos" {elec, Halo rElec}
 10361 | D:7      | Noticed Maggie
 10542 | D:7      | Noticed Duvessa
 10542 | D:7      | Noticed Dowan
 10555 | D:7      | Killed Duvessa
 10577 | D:7      | Your ally died
 10730 | D:7      | Killed Maggie
 10731 | D:7      | Reached skill level 5 in Armour
 10731 | D:7      | Reached skill level 5 in Dodging
 11076 | D:7      | Noticed Menkaure
 11081 | D:7      | Killed Menkaure
 11130 | D:7      | Found a blossoming altar of Fedhas.
 11204 | D:7      | Reached XP level 10. HP: 80/80 MP: 10/10
 11208 | D:7      | Reached skill level 8 in Short Blades
 11371 | D:7      | Reached skill level 5 in Fighting
 12271 | D:7      | Reached skill level 5 in Stealth
 13070 | D:8      | Noticed a two-headed ogre
 13075 | D:8      | Killed a two-headed ogre
 13076 | D:8      | Reached skill level 9 in Short Blades
 13651 | D:8      | Found Zastralosm's Assorted Antiques.
 13657 | D:8      | Noticed Pikel
 13698 | D:8      | Killed Pikel
 13846 | D:8      | Reached XP level 11. HP: 89/89 MP: 11/11
 13869 | D:8      | Bought a scroll labelled UNWAWE USUXETI for 29 gold pieces
 13869 | D:8      | Bought a brass wand for 116 gold pieces
 14316 | D:8      | Found a shimmering blue altar of Sif Muna.
 14432 | D:8      | Found a staircase to the Lair.
 14435 | D:8      | Reached skill level 10 in Short Blades
 15255 | D:9      | Noticed a cyclops
 15337 | D:9      | Killed a cyclops
 15514 | D:9      | Got a shimmering steel amulet
 15515 | D:9      | Found Xathruos's Demolitions Depot.
 15597 | D:9      | Noticed a two-headed ogre
 15618 | D:9      | Killed a two-headed ogre
 15824 | D:9      | Found a shadowy altar of Dithmenos.
 16161 | D:9      | Identified the amulet of Guot {Inacc rPois Will+ MP+9} (You
                  | found it on level 9 of the Dungeon)
 16184 | D:10     | Entered Level 10 of the Dungeon
 16224 | D:10     | Noticed Urug
 16233 | D:10     | Killed Urug
 16286 | D:10     | Reached skill level 11 in Short Blades
 16329 | D:10     | Reached skill level 5 in Evocations
 16630 | D:10     | Noticed a two-headed ogre
 16643 | D:10     | Killed a two-headed ogre
 17348 | D:10     | Killed an unseen horror
 17349 | D:10     | Reached XP level 12. HP: 82/100 MP: 12/12
 18328 | Lair:1   | Entered Level 1 of the Lair of Beasts
 18349 | D:8      | Bought a jewelled leather armour for 182 gold pieces
 18349 | D:8      | Bought a transparent leather armour for 182 gold pieces
 18349 | D:8      | Bought a shimmering robe for 148 gold pieces
 18386 | D:8      | Identified the cursed +0 leather armour of Yphor {-Tele
                  | rF+++ Str+5} (You bought it in a shop on level 8 of the
                  | Dungeon)
 18409 | D:8      | Identified the +1 robe of Lugonu's Fury {Will+ Dex+3} (You
                  | bought it in a shop on level 8 of the Dungeon)
 18420 | D:8      | Identified the +3 leather armour "Seozouw" {-Tele Str+8}
                  | (You bought it in a shop on level 8 of the Dungeon)
 18442 | D:8      | Bought the +3 robe of Clouds {+Thunder rCloud rElec} for
                  | 772 gold pieces
 18442 | D:8      | Found the +3 robe of Clouds {+Thunder rCloud rElec}
 18476 | D:8      | Learned a level 3 spell: Ozocubu's Armour
 18974 | Lair:1   | Noticed a four-headed hydra
 19014 | Lair:1   | Slain by a komodo dragon

Illustrated notes

Levels and vault maps discovered:
D:1:      dpeg_arrival_renting, layout_basic, serial_curves, eino_curves_04,
          eino_curves_01
D:2:      layout_rooms, lemuel_crystal_altar, eat_drink_and_be_merry_uskayaw,
          minmay_overflow_temple_hex, bloody_trog, uniq_crazy_yiuf_cottage,
          uniq_natasha, uniq_robin
D:3:      layout_basic, uniq_ijyb, uniq_grinder
D:4:      layout_basic, nzn_wu_jian_contemplation, lemuel_round_altar,
          minmay_temple_entry_statues, serial_shops, shop_fountains, uniq_edmund
D:5:      layout_loops_cross, nicolae_ru_awakened_eye, minmay_misc_feat_enclosed
D:6:      minmay_diamond_boxcup, layout_loops_cross
D:7:      layout_cave_pools, fedhas_altar_1, serial_bayou, serial_bayou_lake_a,
          serial_bayou_lagoon_b, serial_bayou_lagoon_a, serial_bayou_shore_b,
          minmay_starry_boxes, uniq_menkaure, uniq_duvessa, uniq_maggie
D:8:      layout_loops_ring, erik_lair_orcish_takeover, serial_shops,
          nicolae_shop_competitors_out_of_business, basic_altar,
          minmay_manual_monstrance, uniq_pikel
D:9:      layout_small_grid, grunt_dithmenos_smoke, nicolae_blasting_shop
D:10:     layout_basic, minmay_librarian, uniq_urug
Lair:1:   layout_big_grid, small_statue_intersection, disabler_island,
          infiniplex_staircase_pool_2

Skill      XL: |  1  2  3  4  5  6  7  8  9 10 11 |
---------------+----------------------------------+-----
Short Blades   | 1 2 3 4 6 7 9 11 | 11.6
Armour         | 3 4 5 6 |  6.0
Dodging        | 2 3 4 5 6 7 |  7.6
Fighting       | 2 3 4 6 7 |  7.5
Stealth        | 2 3 4 5 7 |  7.5
Evocations     | 4 5 |  5.2

Action                   |  1- 3 |  4- 6 |  7- 9 | 10-12 || total
-------------------------+-------+-------+-------+-------++-------
Melee: Club              |    15 |       |       |       ||    15
       Dagger            |    77 |   206 |   215 |       ||   498
       Unarmed           |       |     1 |       |       ||     1
       Rapier            |       |       |   176 |   466 ||   642
Invok: Call Merchant     |       |       |       |     1 ||     1
Evoke: Wand              |       |     2 |    14 |    19 ||    35
       Tin of tremorston |       |       |       |     2 ||     2
  Use: Potion            |       |     3 |     1 |       ||     4
       Scroll            |       |       |     9 |    13 ||    22
 Stab: Sleeping          |     1 |       |    11 |    12 ||    24
       Distracted        |       |       |     1 |     3 ||     4
Armor: Leather armour    |    29 |    36 |    97 |    62 ||   224
       Skin              |       |     1 |       |       ||     1
       Robe              |       |       |       |     3 ||     3
Dodge: Dodged            |    54 |   122 |   217 |   230 ||   623
